 Dungeon Crawl Stone Soup version 0.29-a0-617-g7a6b98fccd (webtiles) character file.

Game seed: 9404815196677637

5134 frimble the Carver (level 10, -4/76 HPs)
             Began as a Gnoll Wanderer on June 17, 2022.
             Was an Elder of Cheibriados.
             Killed by the air
             ... invoked by Gastronok
              (30 damage)
             ... on level 8 of the Dungeon.
             The game lasted 00:16:35 (10496 turns).

frimble the Carver (Gnoll Wanderer)                Turns: 10496, Time: 00:16:35

Health: -4/76      AC:  8    Str: 17    XL:     10   Next: 58%
Magic:  18/18      EV: 16    Int: 27    God:    Cheibriados [****..]
Gold:   682        SH:  0    Dex: 28    Spells: 19/19 levels left

rFire   . . .      SeeInvis .   a - +1 long sword (venom)
rCold   . . .      Faith    .   (no shield)
rNeg    . . .      Spirit   .   e - +0 leather armour
rPois   .          Reflect  .   y - +0 helmet
rElec   .          Harm     .   p - +0 cloak
rCorr   .          Rampage  .   x - +0 pair of gloves
Will    .....                   c - +0 pair of boots
Stlth   ++++......              (no amulet)
HPRegen 0.22/turn               F - +4 ring of slaying
MPRegen 0.16/turn               n - +6 ring of intelligence

@: very slow
A: fangs 1, strong nose, distributed training
a: Renounce Religion, Bend Time, Temporal Distortion, Slouch


You were on level 8 of the Dungeon.
You worshipped Cheibriados.
Cheibriados was greatly pleased with you.
You visited 1 branch of the dungeon, and saw 10 of its levels.
You also visited: Sewer, Ossuary and Bailey.

You collected 693 gold pieces.
You spent 11 gold pieces at shops.

Inventory:

Hand Weapons
 a - a +1 long sword of venom (weapon)
Missiles
 q - 16 boomerangs
 z - 26 poisoned darts
 C - 3 curare-tipped darts (quivered)
Armour
 c - a +0 pair of boots (worn)
 e - a +0 leather armour (worn)
 p - a +0 cloak (worn)
 x - a +0 pair of gloves (worn)
 y - a +0 helmet (worn)
Jewellery
 h - a ring of protection from cold
 n - a +6 ring of intelligence (right hand)
 F - a +4 ring of slaying (left hand)
Wands
 f - a wand of digging (5)
 r - a wand of polymorph (8)
 E - a wand of paralysis (8)
Scrolls
 d - 3 scrolls of silence
 g - 2 scrolls of blinking
 j - 4 scrolls of enchant weapon
 m - 4 scrolls of immolation
 u - 5 scrolls of amnesia
 v - 4 scrolls of teleportation
 D - a scroll of fog
 G - a scroll of identify
Potions
 b - 4 potions of haste
 i - a potion of attraction
 k - 2 potions of curing
 l - 2 potions of lignification {unknown}
 o - 2 potions of heal wounds
 s - a potion of invisibility
 t - 2 potions of flight
 w - a potion of magic {unknown}
 A - a potion of brilliance {unknown}
 H - 2 potions of resistance {unknown}
Miscellaneous
 B - a lightning rod (4/4)


   Skills:
 + Level 6.1 Fighting
 + Level 5.4 Short Blades
 + Level 8.6 Long Blades
 + Level 5.4 Axes
 + Level 5.4 Maces & Flails
 + Level 7.2 Polearms
 + Level 5.4 Staves
 + Level 5.4 Slings
 + Level 5.4 Bows
 + Level 5.4 Crossbows
 + Level 5.4 Throwing
 + Level 6.1 Armour
 + Level 5.4 Dodging
 + Level 6.0 Stealth
 + Level 5.4 Shields
 + Level 5.4 Unarmed Combat
 + Level 5.4 Spellcasting
 + Level 4.4 Conjurations
 + Level 4.4 Hexes
 + Level 4.4 Summonings
 + Level 4.4 Necromancy
 + Level 4.4 Translocations
 + Level 4.4 Transmutations
 + Level 4.4 Fire Magic
 + Level 4.4 Ice Magic
 + Level 4.4 Air Magic
 + Level 4.4 Earth Magic
 + Level 4.4 Poison Magic
 + Level 7.6 Invocations
 + Level 5.4 Evocations


You had 19 spell levels left.
You didn't know any spells.
Your spell library was empty.

Dungeon Overview and Level Annotations

Branches:
Dungeon (10/15)            Temple (0/1) D:7           Sewer (visited)
Ossuary (visited)          Bailey (visited)
   Lair: D:8-11         Orc: D:9-12

Altars:
Ashenzari
Cheibriados
Fedhas
Gozag
Hepliaklqana
Sif Muna
Trog
Uskayaw
Zin

Shops:
D:3 !

Annotations:
D:4 1 runed translucent door, Feara's ghost, weakling DrBe
D:6 diggieee
D:8 Gastronok


Innate Abilities, Weirdness & Mutations

You have very sharp teeth.
Your uncanny sense of smell can sniff out nearby items.
Your experience applies equally to all skills.


Message History

Gastronok is lightly wounded.
Gastronok bites you but does no damage.
You barely miss Gastronok.
Gastronok is lightly wounded.
You slash Gastronok!
Gastronok looks as sick as possible!
Gastronok is lightly wounded.
You slash Gastronok! You punch Gastronok. You bite Gastronok, but do no damage.
Gastronok is moderately wounded.
You slash Gastronok!
Gastronok looks as sick as possible!
Gastronok is moderately wounded.
Gastronok misses you.
You hit Gastronok.
Gastronok looks as sick as possible!
Gastronok is moderately wounded.
Gastronok is no longer moving slowly.
You hit Gastronok.
Gastronok looks as sick as possible!
You bite Gastronok.
Gastronok is heavily wounded.
Gastronok bites you!!
You completely miss Gastronok. You bite Gastronok, but do no damage.
Gastronok is heavily wounded.
You hit Gastronok.
Gastronok is heavily wounded.
Gastronok casts a spell.
Gastronok puts on a burst of speed!
You hit Gastronok.
Gastronok looks as sick as possible!
Gastronok is heavily wounded.
You completely miss Gastronok. You bite Gastronok.
Gastronok is severely wounded.
Gastronok bites you!
You slash Gastronok!
Gastronok looks as sick as possible!
You bite Gastronok.
Gastronok is severely wounded.
You hit Gastronok but do no damage.
Gastronok looks as sick as possible!
Gastronok is severely wounded.
Gastronok bites you!
You hit Gastronok.
Gastronok looks as sick as possible!
Gastronok is severely wounded.
You slash Gastronok!
Gastronok is almost dead.
Gastronok waves his eye-stalks in wide circles.
The air twists around and strikes you!!
You die...

############
#..........#
#.########.#
#.# #.# #.#
#.# #.# #.#
#.#
#.#######
#.#
∆#........
#@#
#########
#w# ..# ####
∆ # . .


You could see Gastronok (swift, extremely poisoned).

Vanquished Creatures
  Joseph (D:7)
  Sigmund (D:2)
  A wyvern (D:8)
  6 yaks (D:9)
  3 water moccasins
  3 ice beasts
  3 sky beasts
  3 orc warriors (Bailey)
  A black bear (D:7)
  A centaur (Bailey)
  A phantom (D:5)
  6 kobold brigands (Bailey)
  3 elf zombies (Ossuary)
  3 necrophages
  2 bullfrogs (D:7)
  5 killer bees (D:7)
  A howler monkey (D:5)
  3 centaur zombies (Ossuary)
  6 orc priests
  5 hounds
  Jessica (D:3)
  2 iguanas
  Ijyb (D:4)
  Terence (D:2)
  6 orc wizards
  A hound zombie (Ossuary)
  3 mummies (Ossuary)
  6 gnolls
  12 adders
  4 river rats
  A white imp (D:8)
  3 ufetubi
  An adder zombie (Ossuary)
  5 worms
  3 dart slugs
  38 orcs
  9 ball pythons
  2 endoplasms (D:1)
  2 giant cockroaches
  A gnoll zombie (Ossuary)
  4 hobgoblins
  2 jackals (D:3)
  5 quokkas
  2 bats
  5 frilled lizards
  6 goblins
  3 goblin zombies (Ossuary)
  3 hobgoblin zombies (Ossuary)
  5 jackal zombies (Ossuary)
  12 kobolds
  5 kobold zombies (Ossuary)
  2 quokka zombies (Ossuary)
  12 rats
  4 rat zombies (Ossuary)
230 creatures vanquished.

Vanquished Creatures (others)
  24 plants
24 creatures vanquished.

Grand Total: 254 creatures vanquished

Notes
Turn   | Place    | Note
-------+----------+-------------------------------------------
     0 | D:1      | frimble the Gnoll Wanderer began the quest for the Orb.
     0 | D:1      | frimble set off with the following items: a +0 long sword,
                  | a +0 spear, a +0 pair of boots, a scroll of silence, a +0
                  | leather armour.
     0 | D:1      | Reached XP level 1. HP: 17/17 MP: 3/3
   231 | D:1      | Reached XP level 2. HP: 21/23 MP: 5/5
   577 | D:1      | Found a faded altar of an unknown god.
  1219 | D:2      | Found Geackeys's Jewellery Shop.
  1291 | D:2      | Reached XP level 3. HP: 28/28 MP: 6/6
  1395 | D:2      | Noticed Sigmund
  1428 | D:3      | Found Tixonkoz's Distillery.
  1436 | D:3      | Reached skill level 1 in Short Blades
  1436 | D:3      | Reached skill level 1 in Axes
  1436 | D:3      | Reached skill level 1 in Maces & Flails
  1436 | D:3      | Reached skill level 1 in Staves
  1436 | D:3      | Reached skill level 1 in Slings
  1436 | D:3      | Reached skill level 1 in Bows
  1436 | D:3      | Reached skill level 1 in Crossbows
  1436 | D:3      | Reached skill level 1 in Throwing
  1436 | D:3      | Reached skill level 1 in Dodging
  1436 | D:3      | Reached skill level 1 in Shields
  1436 | D:3      | Reached skill level 1 in Unarmed Combat
  1436 | D:3      | Reached skill level 1 in Spellcasting
  1436 | D:3      | Reached skill level 1 in Evocations
  1444 | D:3      | Reached XP level 4. HP: 32/34 MP: 7/7
  1593 | D:3      | Reached skill level 1 in Conjurations
  1593 | D:3      | Reached skill level 1 in Hexes
  1593 | D:3      | Reached skill level 1 in Summonings
  1593 | D:3      | Reached skill level 1 in Necromancy
  1593 | D:3      | Reached skill level 1 in Translocations
  1593 | D:3      | Reached skill level 1 in Transmutations
  1593 | D:3      | Reached skill level 1 in Fire Magic
  1593 | D:3      | Reached skill level 1 in Ice Magic
  1593 | D:3      | Reached skill level 1 in Air Magic
  1593 | D:3      | Reached skill level 1 in Earth Magic
  1593 | D:3      | Reached skill level 1 in Poison Magic
  1645 | D:3      | Found a glowing silver altar of Zin.
  1647 | D:3      | Found an opulent altar of Gozag.
  1647 | D:3      | Found a hazy altar of Hepliaklqana.
  1648 | D:3      | Found a bloodstained altar of Trog.
  1649 | D:3      | Found a blossoming altar of Fedhas.
  1651 | D:3      | Found a hide-covered altar of Uskayaw.
  1817 | D:3      | Bought a potion of degeneration for 11 gold pieces
  1852 | D:3      | Found a broken altar of Ashenzari.
  1938 | D:3      | Noticed Jessica
  1941 | D:3      | Killed Jessica
  1942 | D:3      | Reached XP level 5. HP: 35/40 MP: 8/8
  2261 | D:2      | Noticed Terence
  2275 | D:2      | Killed Terence
  2406 | D:2      | Killed Sigmund
  2407 | D:2      | Reached skill level 5 in Polearms
  2407 | D:2      | Reached skill level 5 in Invocations
  2407 | D:2      | Reached XP level 6. HP: 35/47 MP: 9/9
  2832 | D:4      | Found a runed translucent door.
  2835 | D:4      | Noticed Feara's ghost (weakling DrBe)
  3315 | D:4      | Reached XP level 7. HP: 39/52 MP: 10/10
  3397 | D:4      | Found a sand-covered staircase.
  3397 | D:4      | Noticed Ijyb
  3408 | D:4      | Killed Ijyb
  3409 | D:4      | Reached skill level 7 in Long Blades
  3419 | Ossuary  | Entered an ossuary
  4120 | Ossuary  | Reached XP level 8. HP: 40/60 MP: 12/12
  5317 | D:5      | Entered Level 5 of the Dungeon
  5444 | D:5      | Found a glowing drain.
  5455 | Sewer    | Entered a sewer
  5652 | Sewer    | Upgraded the game from 0.29-a0-613-gf2c431b9b9 to
                  | 0.29-a0-617-g7a6b98fccd
  5987 | D:5      | Found a snail-covered altar of Cheibriados.
  5998 | D:5      | Became a worshipper of Cheibriados the Contemplative
  6023 | D:5      | Found a shimmering blue altar of Sif Muna.
  6841 | D:6      | Reached * piety under Cheibriados
  6892 | D:6      | Reached XP level 9. HP: 39/66 MP: 14/14
  7207 | D:7      | Found a staircase to the Ecumenical Temple.
  7245 | D:7      | Reached skill level 5 in Fighting
  7245 | D:7      | Reached skill level 5 in Armour
  7250 | D:7      | Found a flagged portal.
  7261 | D:7      | Identified the +3 hand axe of Benevolence {protect, Dex+6}
  7274 | D:7      | Noticed Joseph
  7290 | Bailey   | Entered a bailey
  7352 | Bailey   | Reached ** piety under Cheibriados
  7384 | Bailey   | Reached skill level 5 in Stealth
  7701 | Bailey   | Reached skill level 8 in Long Blades
  8041 | Bailey   | Found a bloodstained altar of Trog.
  8140 | D:7      | Killed Joseph
  8141 | D:7      | Reached XP level 10. HP: 15/74 MP: 15/17
  8429 | D:7      | You fall into a shaft and drop 3 floors!
  8429 | D:10     | Entered Level 10 of the Dungeon
  8480 | D:9      | Reached skill level 5 in Short Blades
  8480 | D:9      | Reached skill level 5 in Axes
  8480 | D:9      | Reached skill level 5 in Maces & Flails
  8480 | D:9      | Reached skill level 5 in Staves
  8480 | D:9      | Reached skill level 5 in Slings
  8480 | D:9      | Reached skill level 5 in Bows
  8480 | D:9      | Reached skill level 5 in Crossbows
  8480 | D:9      | Reached skill level 5 in Throwing
  8480 | D:9      | Reached skill level 5 in Dodging
  8480 | D:9      | Reached skill level 5 in Shields
  8480 | D:9      | Reached skill level 5 in Unarmed Combat
  8480 | D:9      | Reached skill level 5 in Spellcasting
  8480 | D:9      | Reached skill level 5 in Evocations
  8717 | D:9      | Reached *** piety under Cheibriados
  8846 | D:8      | Paralysed by an orc for 5 turns
  8975 | D:8      | Identified a scroll of acquirement
  8975 | D:8      | Acquired a +4 ring of slaying
  9304 | D:7      | Reached **** piety under Cheibriados
 10069 | D:6      | Noticed a gargoyle
 10474 | D:8      | Noticed Gastronok
 10496 | D:8      | Killed from afar by Gastronok

Illustrated notes

Levels and vault maps discovered:
D:1:      sevenhm_arrival_forest_fort_small_5, layout_basic,
          ebering_ecumenical_altar_abandoned, serial_bayou_ford_a
D:2:      layout_basic, serial_shops, nicolae_shop_statue_plus, uniq_sigmund,
          uniq_terence
D:3:      layout_rooms, nicolae_overflow_hidden_temple,
          grunt_temple_overflow_open, serial_shops, nicolae_shop_crystal,
          kennysheep_generic_room_9, uniq_jessica
D:4:      layout_basic, ebering_ghost_inner_flame,
          nicolae_ossuary_entry_monument, serial_bayou_lagoon_a, uniq_ijyb
D:5:      layout_loops_ring, mainiacjoe_overflow_boulevard,
          kennysheep_little_box, gup_sewer_entry_bubbles
D:6:      layout_loops_cross, lightli_corner_chamber
D:7:      layout_basic, minmay_temple_entry_slanted, enter_bailey_2, uniq_joseph
D:8:      layout_basic, grunt_ministairs_12, uniq_gastronok
D:9:      layout_roguey, nicolae_ru_awakened_eye, orc_0_dummy
D:10:     layout_irregular_city, serial_glass, glass_columns_b, glass_columns_a,
          nicolae_water_bricks, minmay_misc_feat_iff, minivault_16

Skill      XL: |  1  2  3  4  5  6  7  8  9 10 |
---------------+-------------------------------+-----
Short Blades   | 1 2 3 4 5 |  5.4
Axes           | 1 2 3 4 5 |  5.4
Maces & Flails | 1 2 3 4 5 |  5.4
Staves         | 1 2 3 4 5 |  5.4
Slings         | 1 2 3 4 5 |  5.4
Bows           | 1 2 3 4 5 |  5.4
Crossbows      | 1 2 3 4 5 |  5.4
Throwing       | 1 2 3 4 5 |  5.4
Dodging        | 1 2 3 4 5 |  5.4
Shields        | 1 2 3 4 5 |  5.4
Unarmed Combat | 1 2 3 4 5 |  5.4
Spellcasting   | 1 2 3 4 5 |  5.4
Evocations     | 1 2 3 4 5 |  5.4
Conjurations   | 1 2 3 4 |  4.4
Hexes          | 1 2 3 4 |  4.4
Summonings     | 1 2 3 4 |  4.4
Necromancy     | 1 2 3 4 |  4.4
Translocations | 1 2 3 4 |  4.4
Transmutations | 1 2 3 4 |  4.4
Fire Magic     | 1 2 3 4 |  4.4
Ice Magic      | 1 2 3 4 |  4.4
Air Magic      | 1 2 3 4 |  4.4
Earth Magic    | 1 2 3 4 |  4.4
Poison Magic   | 1 2 3 4 |  4.4
Fighting       | 3 4 5 6 |  6.1
Armour         | 3 4 5 6 |  6.1
Polearms       | 5 6 7 |  7.2
Stealth        | 3 4 5 6 |  6.0
Invocations    | 5 6 7 |  7.6
Long Blades    | 7 8 |  8.6

Action                   |  1- 3 |  4- 6 |  7- 9 | 10-12 || total
-------------------------+-------+-------+-------+-------++-------
Melee: Long sword        |    56 |    92 |   459 |   108 ||   715
       Bite              |     6 |    12 |    51 |    19 ||    88
       Punch             |       |     4 |    13 |     5 ||    22
Throw: Dart              |     3 |     1 |     7 |    12 ||    23
       Boomerang         |       |       |     7 |       ||     7
Evoke: Wand              |       |       |     1 |       ||     1
       Lightning rod     |       |       |       |     1 ||     1
  Use: Scroll            |       |     9 |     7 |     3 ||    19
       Potion            |       |       |     4 |       ||     4
 Stab: Sleeping          |     2 |     2 |    13 |     2 ||    19
       Distracted        |       |       |     2 |       ||     2
       Invisible         |       |       |     7 |       ||     7
Armor: Leather armour    |    13 |    12 |   149 |    33 ||   207
Dodge: Dodged            |    24 |    50 |   329 |    76 ||   479

Table legend: (Time is in decaauts)
 A = Elapsed time spent in this place.
 B = Non-inter-level travel time spent in this place.
 C = Inter-level travel time spent in this place.
 D = Time resting spent in this place.
 E = Time spent auto-exploring this place.
 F = Levels seen in this place.
 G = Mean time per level.
                   A        B        C        D        E       F      G
               +--------+--------+--------+--------+--------+-----+--------+
         Total |  11731 |  11315 |    416 |    689 |   8503 |  13 |  902.4 |
       Dungeon |   9401 |   8985 |    416 |    197 |   7281 |  10 |  940.1 |
         Sewer |    479 |    479 |      0 |      0 |    346 |   1 |  479.0 |
       Ossuary |    915 |    915 |      0 |      0 |    715 |   1 |  915.0 |
        Bailey |    936 |    936 |      0 |    492 |    160 |   1 |  936.0 |
               +--------+--------+--------+--------+--------+-----+--------+

Top non-repeatable levels by time:
     D:4: 1610 daAuts
     D:7: 1563 daAuts
     D:6: 1382 daAuts
     D:5: 1211 daAuts
     D:1: 1068 daAuts
     D:2: 957 daAuts
  Bailey: 936 daAuts
 Ossuary: 915 daAuts
     D:3: 800 daAuts
   Sewer: 479 daAuts
     D:8: 457 daAuts
     D:9: 328 daAuts
    D:10: 21 daAuts
